[Event "Reykjavik Open 2025"]
[Site "Reykjavik"]
[Date "2025.04.10"]
[Round "3.41"]
[White "Nissinen, Niilo Man"]
[Black "Bailet, Pierre"]
[Result "1/2-1/2"]
[Annotator "TA"]
[ECO "C48"]
[WhiteElo "2268"]
[BlackElo "2495"]
[PlyCount "71"]
[EventDate "2025.04.09"]
[EventType "swiss"]
[EventCountry "ISL"]
[SourceTitle "playchess.com"]
[Source "ChessBase"]
[SourceQuality "1"]
[TimeControl "40/5400+30:1800+30"]

1. e4 e5 2. Nf3 Nc6 3. Nc3 Nf6 4. Bb5 Bc5 5. O-O O-O 6. Nxe5 Nxe5 7. d4 Bd6 8. f4 Nc6 {[%emt 0:13:49] C48: Four Knights: 4 Bb5, replies other than 4...Bb4.} 9. e5 Be7 {[%emt 0:02:09] A sharp opening} 10. exf6 Bxf6 11. d5 Ne7 12. Ne4 {[%emt 0:19:03] [#]} (12. Bc4 $5) 12... Nxd5 13. Qxd5 c6 $1 14. Qd3 cxb5 15. Qxb5 Bd4+ 16. Kh1 d5 17. Ng3 Qb6 18. Qxd5 $146 (18. Qd3 Bd7 19. a4 Rfe8 20. f5 Be5 21. c3 Qb3 22. Bf4 Bxf4 23. Rxf4 Qxb2 24. Rb1 {½-½ Perez Candelario,M (2516)-Rodriguez Cespedes,A (2453) ESP-chT Honor Gp2 2009 (2)}) 18... Be6 {[%emt 0:05:56] This pair of bishops is nice.} (18... Bxb2 19. Bxb2 Qxb2 20. f5 $11) 19. Qf3 Rad8 (19... Bxb2 $2 20. Rb1 $18) (19... Bc4 $1 $15 20. Rd1 Rad8) 20. c3 $11 Bf6 ({Black should play} 20... Bd5 $1 $15 21. Qg4 Qc6 22. cxd4 Bxg2+ 23. Kg1 Bxf1 24. Nxf1 (24. Nf5 Qf6 $17) 24... Rxd4) 21. Nh5 $14 Bc4 (21... Bd5 $14 22. Qg3 Rfe8 23. Nxf6+ Qxf6) 22. Be3 $16 Qa6 {[%emt 0:04:00] [#]} 23. Nxf6+ ({White should play} 23. Rfe1 $1 $16) 23... Qxf6 $14 24. Rfd1 b6 25. f5 Rxd1+ 26. Rxd1 Bxa2 {[%emt 0:01:56] Black is weak on the dark squares} 27. Ra1 Bc4 28. Rxa7 h6 29. Qe4 {[%emt 0:05:03] White is much more active.} (29. Bd4 $16 Qg5 30. Be3 (30. Bxb6 Rb8 $16)) 29... b5 30. h4 Qd6 (30... Bd3 $5 31. Qxd3 Qxh4+ 32. Kg1 Qe1+ 33. Kh2 Qh4+ 34. Kg1 $11) 31. Bd4 {[%emt 0:06:43] and Qg4 should not be overlooked} f6 32. Qg4 Rf7 {[%emt 0:00:07] Successful Defense Black. The position is equal.} 33. Ra8+ Rf8 34. Ra7 Rf7 35. Ra8+ Rf8 36. Ra7 {[%emt 0:00:43] Weighted Error Value: White=0.13 (very precise) /Black=0.14 (very precise)   Mistake:       	White=2     	Black=3      Inaccurate:     	White=4     	Black=1      OK:         	White=6     	Black=8      Best:        	White=2     	Black=5      Strong:       	---       	Black=1} 1/2-1/2

[Event "Reykjavik Open 2025"]
[Site "Reykjavik"]
[Date "2025.04.10"]
[Round "3.42"]
[White "Royal, Shreyas"]
[Black "Gislason, Gudmundur"]
[Result "1-0"]
[Annotator "RC"]
[ECO "E97"]
[WhiteElo "2465"]
[BlackElo "2216"]
[PlyCount "49"]
[EventDate "2025.04.09"]
[EventType "swiss"]
[EventCountry "ISL"]
[SourceTitle "playchess.com"]
[Source "ChessBase"]
[SourceQuality "1"]
[TimeControl "40/5400+30:1800+30"]

1. d4 Nf6 2. c4 g6 3. Nc3 Bg7 4. e4 d6 5. Be2 O-O 6. Nf3 e5 7. O-O Nc6 8. d5 Ne7 9. b4 Nh5 10. Re1 Nf4 11. Bf1 f5 12. Bxf4 exf4 13. e5 a5 14. Qb3 Kh8 15. Rad1 dxe5 16. Nxe5 g5 17. c5 axb4 18. Qxb4 Bxe5 19. Rxe5 Ng6 20. Ree1 Qf6 21. d6 cxd6 22. cxd6 Bd7 23. Qxb7 Qxc3 24. Qxd7 Rxa2 25. Re7 1-0

[Event "Reykjavik Open 2025"]
[Site "Reykjavik"]
[Date "2025.04.10"]
[Round "3.43"]
[White "Shafer, Logan C"]
[Black "Larkin, Vladyslav"]
[Result "1/2-1/2"]
[Annotator "RC"]
[ECO "B07"]
[WhiteElo "2193"]
[BlackElo "2449"]
[PlyCount "113"]
[EventDate "2025.04.09"]
[EventType "swiss"]
[EventCountry "ISL"]
[SourceTitle "playchess.com"]
[Source "ChessBase"]
[SourceQuality "1"]
[TimeControl "40/5400+30:1800+30"]

1. e4 d6 2. d4 Nf6 3. Nc3 c6 4. a4 Qa5 5. Bd2 e5 6. Nf3 Qc7 7. dxe5 dxe5 8. Bc4 Bb4 9. O-O O-O 10. Qe2 Bg4 11. h3 Bxf3 12. Qxf3 Nbd7 13. Nb1 a5 14. c3 Be7 15. Bg5 Nc5 16. Bxf6 Bxf6 17. Nd2 Rad8 18. Qe3 Rd6 19. Nb3 Nxb3 20. Bxb3 Rfd8 21. Rfd1 g6 22. Rxd6 Rxd6 23. Rd1 Rxd1+ 24. Bxd1 Qd8 25. Bb3 Bg5 26. Qf3 Qc7 27. g3 Kg7 28. Kg2 Bc1 29. Qe2 Qd7 30. Qc2 Qd2 31. Qxd2 Bxd2 32. Bd1 Bc1 33. b3 Bb2 34. c4 Kf6 35. Kf3 Ke6 36. Ke2 Bd4 37. f4 h5 38. Bc2 Kd6 39. f5 Kc5 40. fxg6 fxg6 41. Kd3 Kb4 42. Bd1 Bf2 43. g4 hxg4 44. hxg4 Be1 45. Kc2 Kc5 46. Kd3 Bg3 47. Bf3 Bh2 48. Bg2 Kd6 49. Bh3 Bg3 50. Ke2 b6 51. Kd3 Bf2 52. Bg2 Ke7 53. Ke2 Bg1 54. Bf1 Kd6 55. Kd3 Kc5 56. Bg2 Kb4 57. Kc2 1/2-1/2

[Event "Reykjavik Open 2025"]
[Site "Reykjavik"]
[Date "2025.04.10"]
[Round "3.44"]
[White "Martin, Nils"]
[Black "Gunnarsson, Jon Viktor"]
[Result "0-1"]
[Annotator "RC"]
[ECO "B75"]
[WhiteElo "2181"]
[BlackElo "2439"]
[PlyCount "54"]
[EventDate "2025.04.09"]
[EventType "swiss"]
[EventCountry "ISL"]
[SourceTitle "playchess.com"]
[Source "ChessBase"]
[SourceQuality "1"]
[TimeControl "40/5400+30:1800+30"]

1. e4 c5 2. Nf3 d6 3. d4 cxd4 4. Nxd4 Nf6 5. Nc3 g6 6. Be3 Bg7 7. f3 a6 8. g4 b5 9. g5 Nfd7 10. a4 bxa4 11. h4 Nc5 12. h5 e6 13. Qd2 Bd7 14. Qh2 Qb6 15. O-O-O a3 16. bxa3 Nc6 17. hxg6 fxg6 18. Nde2 Ne5 19. Bd4 Rb8 20. Bxe5 Bxe5 21. f4 Qb2+ 22. Kd2 Bxc3+ 23. Nxc3 Nb3+ 24. Kd3 Rc8 25. Nb1 Qd4+ 26. Ke2 Rxc2+ 27. Ke1 Qe3+ 0-1

[Event "Reykjavik Open 2025"]
[Site "Reykjavik"]
[Date "2025.04.11"]
[Round "4.1"]
[White "Ivic, Velimir"]
[Black "Jacobson, Brandon"]
[Result "1/2-1/2"]
[Annotator "ChessBase"]
[ECO "C50"]
[WhiteElo "2623"]
[BlackElo "2570"]
[PlyCount "54"]
[EventDate "2025.04.09"]
[EventType "swiss"]
[EventCountry "ISL"]
[SourceTitle "playchess.com"]
[Source "ChessBase"]
[SourceQuality "1"]
[TimeControl "40/5400+30:1800+30"]

1. e4 e5 2. Nf3 Nc6 3. Bc4 Bc5 4. d3 Nf6 5. Nc3 h6 6. O-O d6 7. Na4 Bb6 8. a3 Bg4 9. c3 Qc8 10. Nxb6 axb6 11. Qe2 O-O 12. Bb3 Rd8 13. h3 Be6 14. Bc2 d5 15. exd5 Rxd5 16. Be3 Bf5 17. Nd2 Rd8 18. Rad1 Nd5 19. Rfe1 Qd7 20. Nf1 Re8 21. Bc1 Rad8 22. Ng3 Bg6 23. Qg4 Qe6 24. Qh4 Qe7 25. Qg4 Qe6 26. Qh4 Qe7 27. Qg4 Qe6 1/2-1/2

[Event "Reykjavik Open 2025"]
[Site "Reykjavik"]
[Date "2025.04.11"]
[Round "4.2"]
[White "Gorshtein, Ido"]
[Black "Ivanchuk, Vasyl"]
[Result "1/2-1/2"]
[Annotator "ChessBase"]
[ECO "A30"]
[WhiteElo "2557"]
[BlackElo "2604"]
[PlyCount "76"]
[EventDate "2025.04.09"]
[EventType "swiss"]
[EventCountry "ISL"]
[SourceTitle "playchess.com"]
[Source "ChessBase"]
[SourceQuality "1"]
[TimeControl "40/5400+30:1800+30"]

1. c4 Nf6 2. Nf3 c5 3. Nc3 e6 4. g3 b6 5. Bg2 Bb7 6. O-O Be7 7. Re1 d5 8. cxd5 Nxd5 9. Nxd5 Qxd5 10. d4 cxd4 11. Qxd4 O-O 12. Qxd5 Bxd5 13. Nd4 Bxg2 14. Kxg2 Na6 15. Be3 Rfc8 16. Rec1 Nb4 17. Bd2 Kf8 18. Bxb4 Bxb4 19. e3 a6 20. Kf1 Be7 21. Ke2 Bf6 22. Rxc8+ Rxc8 23. Rd1 Rd8 24. b3 Bxd4 25. Rxd4 Rxd4 26. exd4 Ke7 27. Kd3 Kd6 28. Ke4 g5 29. h3 a5 30. f4 gxf4 31. gxf4 b5 32. h4 b4 33. h5 f5+ 34. Ke3 h6 35. Kd2 Kc7 36. Kd3 Kd6 37. Kd2 Kc6 38. Ke3 Kd6 1/2-1/2

[Event "Reykjavik Open 2025"]
[Site "Reykjavik"]
[Date "2025.04.11"]
[Round "4.3"]
[White "Kilic, Eray"]
[Black "Muradli, Mahammad"]
[Result "0-1"]
[Annotator "ChessBase"]
[ECO "B99"]
[WhiteElo "2473"]
[BlackElo "2588"]
[PlyCount "60"]
[EventDate "2025.04.09"]
[EventType "swiss"]
[EventCountry "ISL"]
[SourceTitle "playchess.com"]
[Source "ChessBase"]
[SourceQuality "1"]
[TimeControl "40/5400+30:1800+30"]

1. e4 c5 2. Nf3 d6 3. d4 cxd4 4. Nxd4 Nf6 5. Nc3 a6 6. Bg5 e6 7. f4 Be7 8. Qf3 Qc7 9. O-O-O Nbd7 10. f5 Ne5 11. Qh3 O-O 12. Be2 h6 13. Bf4 exf5 14. Nxf5 Bxf5 15. exf5 Rac8 16. Qe3 b5 17. a3 Rfe8 18. Kb1 Bf8 19. Qc1 Qb7 20. Rd4 d5 21. Rhd1 Nc6 22. Bf3 Nxd4 23. Rxd4 Qb6 24. Qd1 b4 25. Nxd5 Nxd5 26. Bxd5 bxa3 27. Bb3 axb2 28. Rd7 Qa5 29. Kxb2 Re1 30. Qd5 Qa3# 0-1

[Event "Reykjavik Open 2025"]
[Site "Reykjavik"]
[Date "2025.04.11"]
[Round "4.4"]
[White "Gupta, Abhijeet"]
[Black "Garifullina, Leya"]
[Result "1-0"]
[Annotator "TA"]
[ECO "A50"]
[WhiteElo "2576"]
[BlackElo "2459"]
[PlyCount "115"]
[EventDate "2025.04.09"]
[EventType "swiss"]
[EventCountry "ISL"]
[SourceTitle "playchess.com"]
[Source "ChessBase"]
[SourceQuality "1"]
[TimeControl "40/5400+30:1800+30"]

1. d4 Nf6 2. c4 e6 3. Bf4 d5 4. cxd5 exd5 5. e3 Bd6 6. Bxd6 {[%emt 0:00:09] A50: Queen's Fianchetto Defence (1 d4 Nf6 2 c4 b6).} Qxd6 7. Bd3 Bg4 8. Ne2 {[%emt 0:05:06] The position is equal.} Bxe2 9. Qxe2 O-O 10. Nc3 Nbd7 11. O-O c5 $146 (11... c6 12. Rab1 a5 13. h3 Rfe8 14. Qc2 g6 15. Rfe1 Re7 16. a3 Kg7 17. Rbc1 Rae8 {0-1 Yoo,C (2548)-Shimanov,A (2581) Titled Tuesday intern op 14th Jun Late blitz 2022 (7)}) 12. dxc5 Nxc5 13. Rad1 Qe5 14. Bb1 Rac8 15. h3 Rfd8 16. Qb5 Rd6 17. Rd4 Rb6 18. Qe2 g6 19. Rfd1 Ne6 20. R4d2 Nc7 21. a4 (21. a3 $14) 21... Kg7 22. Ba2 Re8 23. Rd3 Ne6 24. a5 (24. Bxd5 Nf4 25. exf4 Qxe2 26. Nxe2 Rxe2 $11) 24... Rb4 25. Qd2 (25. Nxd5 Nxd5 26. Bxd5 (26. Rxd5 $2 Nf4 $19) 26... Nf4 $17) 25... d4 26. Bxe6 (26. Nd5 $16 Nxd5 27. Bxd5 (27. exd4 $2 Qd6 $19)) 26... Rxe6 $11 27. Ne2 Qxa5 28. Nxd4 (28. Rxd4 Reb6 $11) 28... Re7 29. b3 Qb6 $2 (29... Ne4 $14 30. Qb2 f6) 30. Qb2 (30. Qc3 $18 {is the precise move to win.}) 30... Qc5 $16 31. Rc3 Qb6 32. Rdc1 ({White should try} 32. Rc8 $16) 32... Qd6 33. Rd3 Qa6 34. Rd2 Qb6 (34... Re8 $14) 35. Qa1 a6 {[%emt 0:01:25] [#]} (35... Re8 $16) 36. Rc8 $1 $18 Rc7 37. Rd8 Re7 {[%emt 0:01:19] [#]} 38. Rd6 $3 Qxd6 {[%emt 0:00:34] [#]} 39. Nf5+ $1 gxf5 40. Rxd6 Re6 41. Rd5 Kg6 42. Rd3 Rb5 43. Qd1 Reb6 (43... Kg7 {was necessary.} 44. Kh2 h6) 44. Qf3 Ne4 {[%emt 0:00:00] Against Qg3+} 45. Rd8 h6 (45... Kg7 $142 46. Qf4 Rg6) 46. Qf4 Rc6 47. Qb8 Kh5 48. Qf4 {[%emt 0:00:00] Hoping for Rg8.} Kg6 $1 49. Rg8+ Kh7 50. Qb8 {[%emt 0:00:00] Threatening mate with Qf8.} Rg6 51. Rh8+ Kg7 52. Qf8+ Kf6 53. Rh7 Ng5 54. Qd8+ Ke6 55. Rh8 f4 56. Re8+ {[%emt 0:00:00] White mates.} Kf5 57. Qd3+ Kf6 58. Qd4+ {[%emt 0:00:00] Weighted Error Value: White=0.41/Black=0.85  Loses game:     	---       	Black=1      Mistake:       	White=4     	Black=4      Inaccurate:     	White=2     	Black=8      OK:         	White=22    	Black=9      Best:        	---       	Black=2      Brilliant:      	White=1     	---} 1-0

[Event "Reykjavik Open 2025"]
[Site "Reykjavik"]
[Date "2025.04.11"]
[Round "4.5"]
[White "Gunnarsson, Jon Viktor"]
[Black "Safarli, Eltaj"]
[Result "0-1"]
[Annotator "ChessBase"]
[ECO "B33"]
[WhiteElo "2439"]
[BlackElo "2617"]
[PlyCount "64"]
[EventDate "2025.04.09"]
[EventType "swiss"]
[EventCountry "ISL"]
[SourceTitle "playchess.com"]
[Source "ChessBase"]
[SourceQuality "1"]
[TimeControl "40/5400+30:1800+30"]

1. e4 c5 2. Nf3 Nc6 3. d4 cxd4 4. Nxd4 Nf6 5. Nc3 e5 6. Ndb5 d6 7. Nd5 Nxd5 8. exd5 Ne7 9. c4 Ng6 10. h4 Nxh4 11. Rxh4 a6 12. Bg5 Be7 13. Bxe7 Qxe7 14. Nxd6+ Qxd6 15. Qa4+ Ke7 16. c5 Qxd5 17. Rd1 Qc6 18. Qb4 Be6 19. Rd6 Qc7 20. Rb6 a5 21. Rxb7 axb4 22. Rxc7+ Kf6 23. Rxb4 Rxa2 24. Bd3 Ra1+ 25. Ke2 Rd8 26. Rb6 Rd4 27. Bxh7 Rad1 28. f3 R1d2+ 29. Ke3 g6 30. Bg8 R4d3+ 31. Ke4 Kg5 32. Rb4 Bf5+ 0-1

[Event "Reykjavik Open 2025"]
[Site "Reykjavik"]
[Date "2025.04.11"]
[Round "4.6"]
[White "Banusz, Tamas"]
[Black "Thorhallsson, Throstur"]
[Result "1-0"]
[Annotator "ChessBase"]
[ECO "D02"]
[WhiteElo "2592"]
[BlackElo "2394"]
[PlyCount "75"]
[EventDate "2025.04.09"]
[EventType "swiss"]
[EventCountry "ISL"]
[SourceTitle "playchess.com"]
[Source "ChessBase"]
[SourceQuality "1"]
[TimeControl "40/5400+30:1800+30"]

1. d4 d5 2. Nf3 Nf6 3. Bf4 g6 4. c3 Bg7 5. e3 O-O 6. Nbd2 c6 7. Bd3 Qb6 8. Rb1 c5 9. h3 a5 10. O-O Nc6 11. a4 Nd7 12. Re1 e5 13. dxe5 Ndxe5 14. Bxe5 Nxe5 15. Nxe5 Bxe5 16. e4 Bc7 17. exd5 Qd6 18. Nf3 Qxd5 19. Be4 Qxd1 20. Rbxd1 Rb8 21. Bd5 Bd8 22. Bc4 Bf6 23. Ne5 Kg7 24. Nd7 Bxd7 25. Rxd7 b6 26. g3 Rbd8 27. Red1 Be7 28. R1d3 Bg5 29. f4 Bf6 30. Kg2 h6 31. Kf3 g5 32. f5 h5 33. g4 hxg4+ 34. hxg4 Rde8 35. Rb7 Re7 36. Rdd7 Rfe8 37. Rxe7 Bxe7 38. Bb5 1-0

[Event "Reykjavik Open 2025"]
[Site "Reykjavik"]
[Date "2025.04.11"]
[Round "4.7"]
[White "Hagner, Bennet"]
[Black "Maze, Sebastien"]
[Result "1-0"]
[Annotator "ChessBase"]
[ECO "A49"]
[WhiteElo "2430"]
[BlackElo "2557"]
[PlyCount "99"]
[EventDate "2025.04.09"]
[EventType "swiss"]
[EventCountry "ISL"]
[SourceTitle "playchess.com"]
[Source "ChessBase"]
[SourceQuality "1"]
[TimeControl "40/5400+30:1800+30"]

1. Nf3 Nf6 2. b3 d6 3. d4 g6 4. Bb2 Bg7 5. g3 c5 6. Bg2 cxd4 7. Nxd4 d5 8. c4 O-O 9. cxd5 Nxd5 10. O-O Qa5 11. Qd2 Qxd2 12. Nxd2 Rd8 13. Nc4 Bxd4 14. Bxd4 Nc6 15. Bb2 Be6 16. Rac1 Rac8 17. Rfd1 f6 18. Ba3 Ndb4 19. Na5 Nxa2 20. Nxc6 bxc6 21. Rxd8+ Rxd8 22. Ra1 Kf8 23. Bxc6 Bxb3 24. Ba4 Bxa4 25. Rxa2 Bb5 26. Bb4 Rd7 27. f3 Rc7 28. Kf2 a6 29. h4 Rc4 30. Rb2 Kf7 31. Ke3 e5 32. Kf2 f5 33. Ba3 e4 34. fxe4 Rxe4 35. Bd6 Ke6 36. Bf4 Kd5 37. Rd2+ Kc4 38. Bc7 Kb4 39. e3 Rc4 40. Bd8 Bc6 41. Rb2+ Kc3 42. Bf6+ Kd3 43. Rb3+ Kd2 44. Rb2+ Kc1 45. Ra2 Bb5 46. Kf3 Bc6+ 47. Kf2 Bb7 48. Ke2 Bc8 49. Kd3 Kd1 50. Rh2 1-0

[Event "Reykjavik Open 2025"]
[Site "Reykjavik"]
[Date "2025.04.11"]
[Round "4.8"]
[White "Adhiban, B.."]
[Black "Lu, Miaoyi"]
[Result "1-0"]
[Annotator "ChessBase"]
[ECO "D40"]
[WhiteElo "2554"]
[BlackElo "2429"]
[PlyCount "71"]
[EventDate "2025.04.09"]
[EventType "swiss"]
[EventCountry "ISL"]
[SourceTitle "playchess.com"]
[Source "ChessBase"]
[SourceQuality "1"]
[TimeControl "40/5400+30:1800+30"]

1. c4 e6 2. Nc3 d5 3. d4 c5 4. e3 Nf6 5. Nf3 Nc6 6. a3 dxc4 7. Bxc4 a6 8. Bd3 b5 9. dxc5 Bxc5 10. b4 Be7 11. Bb2 Ra7 12. Qe2 Rd7 13. Rd1 Bb7 14. O-O Qa8 15. Ne4 Nxe4 16. Bxe4 Rxd1 17. Rxd1 Nd4 18. Nxd4 Bxe4 19. Qg4 Bg6 20. Nxe6 fxe6 21. Qxe6 Bf7 22. Qd7+ Kf8 23. Rc1 Bc4 24. Bxg7+ Kxg7 25. Qxe7+ Bf7 26. Qg5+ Kf8 27. Qf5 Kg7 28. Qg4+ Kh6 29. Qf4+ Kg6 30. h4 h6 31. h5+ Kg7 32. Qg4+ Kf6 33. Qd4+ Ke6 34. Rc5 Qb8 35. Rc6+ Ke7 36. Rb6 1-0

[Event "Reykjavik Open 2025"]
[Site "Reykjavik"]
[Date "2025.04.11"]
[Round "4.9"]
[White "Stefansson, Hannes"]
[Black "Friedel, Joshua"]
[Result "1-0"]
[Annotator "ChessBase"]
[ECO "B12"]
[WhiteElo "2420"]
[BlackElo "2552"]
[PlyCount "73"]
[EventDate "2025.04.09"]
[EventType "swiss"]
[EventCountry "ISL"]
[SourceTitle "playchess.com"]
[Source "ChessBase"]
[SourceQuality "1"]
[TimeControl "40/5400+30:1800+30"]

1. e4 c6 2. d4 d5 3. e5 Bf5 4. h4 a6 5. a3 Qc7 6. c4 dxc4 7. Bxc4 e6 8. Nc3 h6 9. Nge2 Ne7 10. Ng3 Nd7 11. Nce4 Bxe4 12. Nxe4 Nd5 13. Bd2 Qb6 14. Bc3 Be7 15. Qg4 Rg8 16. O-O O-O-O 17. a4 Kb8 18. a5 Qc7 19. g3 Nf8 20. Bd2 g5 21. h5 Nh7 22. Rfe1 Qd7 23. Qe2 f5 24. exf6 Nhxf6 25. Nc3 Nc7 26. Bxe6 Nxe6 27. Qxe6 Qxe6 28. Rxe6 Rxd4 29. Be3 Rd7 30. Re1 Bd8 31. Bb6 Rf7 32. Ne4 Bxb6 33. Nxf6 Bxa5 34. Nxg8 Bxe1 35. Rxe1 a5 36. Nxh6 Rh7 37. Re6 1-0

[Event "Reykjavik Open 2025"]
[Site "Reykjavik"]
[Date "2025.04.11"]
[Round "4.10"]
[White "Amar, Elham"]
[Black "Song, Yuxin"]
[Result "1/2-1/2"]
[Annotator "ChessBase"]
[ECO "B95"]
[WhiteElo "2546"]
[BlackElo "2371"]
[PlyCount "70"]
[EventDate "2025.04.09"]
[EventType "swiss"]
[EventCountry "ISL"]
[SourceTitle "playchess.com"]
[Source "ChessBase"]
[SourceQuality "1"]
[TimeControl "40/5400+30:1800+30"]

1. e4 c5 2. Nf3 d6 3. d4 cxd4 4. Nxd4 Nf6 5. Nc3 a6 6. Bg5 e6 7. Qf3 Nbd7 8. O-O-O Qc7 9. Kb1 Be7 10. g4 h6 11. Bxf6 Bxf6 12. h4 Ne5 13. Qg3 Bd7 14. Be2 Ng6 15. f4 Nxf4 16. Qxf4 Bxd4 17. Nd5 exd5 18. Rxd4 dxe4 19. Qxe4+ Be6 20. Bc4 Qe7 21. Re1 O-O-O 22. Bxe6+ fxe6 23. Qxe6+ Qxe6 24. Rxe6 Rhe8 25. Rde4 Kd7 26. Rxe8 Rxe8 27. Rxe8 Kxe8 28. Kc1 Kf7 29. Kd2 Kf6 30. Ke3 g5 31. hxg5+ Kxg5 32. Kf3 b5 33. b4 d5 34. c3 Kf6 35. Kf4 Ke6 1/2-1/2

[Event "Reykjavik Open 2025"]
[Site "Reykjavik"]
[Date "2025.04.11"]
[Round "4.11"]
[White "Yankelevich, Lev"]
[Black "Sokolovsky, Yahli"]
[Result "1/2-1/2"]
[Annotator "ChessBase"]
[ECO "E92"]
[WhiteElo "2413"]
[BlackElo "2546"]
[PlyCount "24"]
[EventDate "2025.04.09"]
[EventType "swiss"]
[EventCountry "ISL"]
[SourceTitle "playchess.com"]
[Source "ChessBase"]
[SourceQuality "1"]
[TimeControl "40/5400+30:1800+30"]

1. d4 Nf6 2. c4 g6 3. Nc3 Bg7 4. e4 d6 5. Be2 O-O 6. Nf3 e5 7. Be3 exd4 8. Nxd4 Re8 9. f3 c6 10. Qd2 a6 11. O-O b5 12. a3 Qe7 1/2-1/2

[Event "Reykjavik Open 2025"]
[Site "Reykjavik"]
[Date "2025.04.11"]
[Round "4.12"]
[White "Stefansson, Vignir Vatnar"]
[Black "Bekker, Stefan"]
[Result "0-1"]
[Annotator "TA"]
[ECO "B22"]
[WhiteElo "2536"]
[BlackElo "2358"]
[PlyCount "138"]
[EventDate "2025.04.09"]
[EventType "swiss"]
[EventCountry "ISL"]
[SourceTitle "playchess.com"]
[Source "ChessBase"]
[SourceQuality "1"]
[TimeControl "40/5400+30:1800+30"]

1. e4 c5 2. c3 d5 3. exd5 Qxd5 4. d4 Nf6 5. Nf3 e6 6. Bd3 Be7 7. O-O O-O 8. c4 Qd8 9. dxc5 Na6 {[%emt 0:09:44] [#]} 10. c6 {[%emt 0:04:36] B22: Sicilian: 2 c3.} Nb4 $11 {[%emt 0:05:58] Black sacrificed a pawn} 11. cxb7 Bxb7 12. Be2 {[%emt 0:00:12] The position is equal.} Qc7 13. h3 $146 (13. a3 Rfd8 14. Qb3 Ng4 15. g3 Na6 16. Nc3 Nc5 17. Qc2 Qc6 18. Bf4 Rd3 19. Nd5 exd5 20. Bxd3 Nxd3 21. Qxd3 dxc4 {0-1 Rennhack,P (1820)-Koch,M (2154) Frankfurt-chA 2012 (3)}) 13... Rfd8 14. Qb3 Be4 $36 {[%emt 0:01:09][%mdl 2048] Black has good play.} 15. Ne1 {[%emt 0:04:56] Prevents Nc2} (15. Nc3 $11) 15... Rab8 {[%emt 0:01:18][%cal Ob4d3] Black has strong rooks and is better Black is much more active.} 16. Qe3 Bxb1 17. Rxb1 Nxa2 18. Nc2 ({White should play} 18. Nf3) 18... Bd6 (18... Bc5 $142 19. Qf4 e5) 19. Qf3 Nxc1 20. Rfxc1 a5 21. Rd1 Bc5 22. b3 Qe5 (22... Rxd1+ {simplifies} 23. Rxd1 Qb6 24. Rb1 h6) 23. Bd3 {[%emt 0:01:30] Wards off Ne4} h5 {[%emt 0:02:06] White is weak on the dark squares} 24. Re1 Qg5 25. Ra1 {[%emt 0:03:15] [#]} (25. Rf1 $17) 25... Bxf2+ $1 26. Kxf2 Qd2+ (26... Rxb3 27. Red1 $16 (27. Bh7+ $2 Kxh7 28. Qxb3 Rd2+ 29. Re2 Ne4+ 30. Kg1 Rxe2 $19)) 27. Re2 Qxd3 {[%emt 0:00:09][%csl Ob3] Black attacks a weakness} 28. Ra3 Qd6 29. Qe3 h4 30. Qe5 {[%emt 0:02:29] Repels Nh5} (30. Rxa5 $17 {was worth a try.} Ne4+ 31. Qxe4 Qb6+ (31... Rxb3 $2 32. Rg5 $18) 32. Nd4 Rxd4 (32... Qxa5 $2 33. Nc6 $19) (32... Qxd4+ 33. Qxd4 Rxd4 34. Ke3 $11) 33. Qe3) 30... Qd3 ({Black should try} 30... Qb6+ $19 31. Kf1 Rd3 32. Rxa5 Rxb3 (32... Qxb3 $2 33. Ne1 $19)) 31. Ne1 $17 Qb1 32. Qe3 (32. Re3 $17) 32... Rd1 33. Rxa5 Rxb3 (33... Qxb3 34. Qxb3 Rxb3 35. Ra8+ Kh7 36. Nf3 $15) 34. Qf4 Rb8 {[%emt 0:01:04] Prevents Ra8.} 35. Rg5 $2 (35. Kf1 $17) 35... Kf8 $2 (35... Rb2 $1 $19 {[%cal Rb2e2] has better winning chances. ( -> ...Rxe2+)} 36. Rxb2 Qxb2+ 37. Kf1 Qc3 38. Qb8+ Kh7) 36. Qe5 (36. Qxh4 $17 g6 37. Qh8+ Ke7 38. Qh4) 36... Rc8 37. Qf4 Qc1 38. Qxh4 (38. Qxc1 Rxc1 39. Ra5) 38... Rxc4 $19 ({Less strong is} 38... Qxc4 39. Qxc4 Rxc4 40. Rge5 $17) 39. Qh8+ Ke7 {[%emt 0:00:27] ( -> ...Rxe1)} 40. Rge5 Qf4+ 41. Kg1 (41. Nf3 $142 Rcc1 42. Rxe6+ fxe6 43. Qxg7+ Kd8 44. Qf8+ Kc7 45. Qf7+ Rd7 46. Qxe6) 41... Ne4 {[%emt 0:32:58] ( -> ...Rxe1+)} 42. Qxg7 {[%emt 0:00:00] [#]} Rxe1+ $1 43. Rxe1 {[%emt 0:00:00][%cal Oe5e4] Hoping for R5xe4!.} Qf2+ 44. Kh2 Qxe1 45. Qg4 (45. Rb5 $142 Qc1 46. Qe5) 45... Qe3 {[%emt 0:00:00] ...Kd6 is the strong threat.} 46. h4 f5 47. Rxe6+ Kxe6 {[%emt 0:00:00] Black mates.} 48. Qg8+ Ke5 49. Qxc4 Qg3+ 50. Kg1 Qe1+ 51. Kh2 Qxh4+ 52. Kg1 Qf2+ 53. Kh2 Qg3+ 54. Kg1 Qe3+ 55. Kh2 Qh6+ 56. Kg1 Qb6+ 57. Kh2 Qd6 58. Qf7 Nf6 59. Kh3 Qd3+ 60. g3 Qd7 61. Qa2 Qd5 62. Qb1 Ke6 63. Qe1+ Kf7 64. Qa1 Kg6 65. Qc1 Qf3 66. Qb1 Ne4 67. Qg1 Ng5+ 68. Kh2 Qe2+ 69. Kh1 Qe4+ {[%emt 0:00:03] Weighted Error Value: White=0.79/Black=0.50  Loses game:     	White=2     	---        Missed win:     	---       	Black=1      Mistake:       	White=8     	Black=2      Inaccurate:     	White=3     	Black=3      OK:         	White=10    	Black=10     Best:        	White=4     	Black=4} 0-1

[Event "Reykjavik Open 2025"]
[Site "Reykjavik"]
[Date "2025.04.11"]
[Round "4.13"]
[White "Zierk, Steven"]
[Black "Li, Guohao"]
[Result "1/2-1/2"]
[Annotator "ChessBase"]
[ECO "B55"]
[WhiteElo "2501"]
[BlackElo "2356"]
[PlyCount "78"]
[EventDate "2025.04.09"]
[EventType "swiss"]
[EventCountry "ISL"]
[SourceTitle "playchess.com"]
[Source "ChessBase"]
[SourceQuality "1"]
[TimeControl "40/5400+30:1800+30"]

1. e4 c5 2. Nf3 d6 3. d4 cxd4 4. Nxd4 Nf6 5. f3 e5 6. Nb3 a5 7. Nc3 Be6 8. Bb5+ Nbd7 9. Be3 Be7 10. Qe2 O-O 11. O-O-O Qc7 12. Qf2 Bc4 13. Bxc4 Qxc4 14. g4 Rfc8 15. g5 Nh5 16. Nd5 Bf8 17. Kb1 b5 18. Rd3 b4 19. Rc1 a4 20. Nd2 Qb5 21. c4 Qb7 22. Nf1 Rc6 23. Qd2 Rb8 24. Ng3 Nf4 25. Nxf4 exf4 26. Bxf4 Qa6 27. Nf5 b3 28. a3 Rxc4 29. Rxc4 Qxc4 30. Bxd6 Bxd6 31. Rxd6 Nf8 32. Qd3 Qc5 33. Rd4 Ne6 34. Qc4 Qb6 35. Rd1 Qf2 36. Rc1 Rd8 37. Qxa4 Qxf3 38. Qc4 Nxg5 39. Ng3 h5 1/2-1/2